 Dungeon Crawl Stone Soup version 0.30-a0-1157-g2cc9ac7196 (webtiles) character file.

Game seed: 3907953420980974257

1008 Dittersdorf the Trooper (level 8, -14/51 HPs)
             Began as a Gargoyle Fighter on Apr 24, 2023.
             Was an Initiate of Okawaru.
             Killed from afar by a steam dragon (21 damage)
             ... with a ball of steam
             ... on level 6 of the Dungeon.
             The game lasted 00:05:43 (5026 turns).

Dittersdorf the Trooper (Gargoyle Fighter)          Turns: 5026, Time: 00:05:44

Health: -14/51     AC: 21    Str: 22    XL:     8   Next: 20%
Magic:  8/8        EV:  9    Int:  9    God:    Okawaru [......]
Gold:   342        SH:  5    Dex:  9    Spells: 7/7 levels left

rFire   . . .        a - +0 flail
rCold   + . .        c - +0 buckler
rNeg    + . .        A - +2 scale mail {rC+}
rPois   ∞            u - +2 helmet
rElec   +            (no cloak)
rCorr   .            s - +2 pair of gloves
SInv    .            (no boots)
Will    .....        o - amulet of regeneration Stlth
                     (no ring)
HPRegen 1.08/turn    (no ring)
MPRegen 0.11/turn

%: no passive effects
@: no status effects
A: sickness immunity, AC +5, negative energy resistance 1, electricity
resistance, torment resistance 1, petrification resistance
a: Renounce Religion


You were on level 6 of the Dungeon.
You worshipped Okawaru.
Okawaru was noncommittal.
You visited 2 branches of the dungeon, and saw 7 of its levels.

You collected 342 gold pieces.

Inventory:

Hand Weapons
 a - a +0 flail (weapon)
Missiles
 r - 6 poisoned darts (quivered)
Armour
 c - a +0 buckler (worn)
 j - a +0 plate armour
 s - a +2 pair of gloves (worn)
 u - a +2 helmet (worn)
 A - a +2 scale mail of cold resistance (worn)
Jewellery
 o - an amulet of regeneration (around neck)
Wands
 q - a wand of flame (16)
Scrolls
 b - 3 scrolls of fear {unknown}
 e - 2 scrolls of teleportation {unknown}
 f - a scroll of amnesia {unknown}
 g - 3 scrolls of immolation {unknown}
 i - 3 scrolls of poison {unknown}
 k - 2 scrolls of enchant weapon {unknown}
 p - a scroll of fog {unknown}
 w - 2 scrolls of noise {unknown}
 y - a scroll of enchant armour
 z - 2 scrolls of magic mapping
Potions
 d - a potion of might
 h - 3 potions of curing
 l - a potion of magic
 m - a potion of mutation
 n - a potion of invisibility
 t - 3 potions of heal wounds
 x - 2 potions of flight


   Skills:
 + Level 6.0 Fighting
 + Level 5.0 Maces & Flails
 + Level 6.0 Armour
 + Level 6.0 Shields


You had 7 spell levels left.
You didn't know any spells.
Your spell library contained the following spells:

 Spells                   Type           Power      Damage    Failure   Level
 Wereblood                Tmut           0%         N/A       87%         2
 Summon Small Mammal      Summ           Unusable   N/A       N/A         1
 Sublimation of Blood     Necr           Unusable   N/A       N/A         2
 Call Canine Familiar     Summ           Unusable   N/A       N/A         3
 Summon Guardian Golem    Hex/Summ       Unusable   N/A       N/A         3
 Summon Hydra             Summ           Unusable   N/A       N/A         7

Dungeon Overview and Level Annotations

Branches:
Dungeon (6/15)             Temple (1/1) D:5

Altars:
Ashenzari
Dithmenos
Elyvilon
Gozag
Hepliaklqana
Kikubaaqudgha
Makhleb
Okawaru
Ru
Trog
Vehumet
Wu Jian
Xom
Yredelemnul
The Shining One

Shops:
D:5 =

Annotations:
D:5 1 runed translucent door, sampeng1's ghost, novice HuCA


Innate Abilities, Weirdness & Mutations

You are immune to sickness and miasma.
Your stone body is resilient. (AC +5)
You are immune to poison.
You resist negative energy. (rN+)
You are resistant to electric shocks. (rElec)
You are resistant to unholy torment.
You are immune to petrification.


Message History

The steam dragon claws you but does no damage.
You closely miss the steam dragon.
The steam dragon is heavily wounded.
The steam dragon barely misses you.
The steam dragon claws you but does no damage.
The steam dragon bites you but does no damage.
The steam dragon claws you but does no damage.
You hit the steam dragon.
The steam dragon is severely wounded.
You block the steam dragon's attack.
The steam dragon claws you but does no damage.
You closely miss the steam dragon.
The steam dragon is severely wounded.
You block the steam dragon's attack. The steam dragon barely misses you.
You barely miss the steam dragon.
The steam dragon is severely wounded.
The steam dragon bites you.
* * * LOW HITPOINT WARNING * * *
The steam dragon misses you.
You barely miss the steam dragon.
The steam dragon is severely wounded.
You block the steam dragon's attack. x2
You hit the steam dragon but do no damage.
The steam dragon is severely wounded.
The steam dragon bites you but does no damage.
The steam dragon barely misses you.
You barely miss the steam dragon.
The steam dragon is severely wounded.
The steam dragon breathes steam at you. The ball of steam hits you!
* * * LOW HITPOINT WARNING * * *
You closely miss the steam dragon.
The steam dragon is severely wounded.
You are engulfed in a cloud of scalding steam.
You block the steam dragon's attack. x2; The steam dragon bites you.
* * * LOW HITPOINT WARNING * * *
The steam dragon claws you but does no damage.
The steam dragon breathes steam at you. The ball of steam hits you!!
You die...

#...###..........
. #.######...
####.# .#. #....#
( #.##.# ###.##.+
...#..######
####†#.........
##.>§..@######.#
#§.§.§.D$......
#.§.§...........
#...............
#...............
#...............
#...............
##........#.)...
#.............


You could see a steam dragon (catching breath).

Vanquished Creatures
  A water moccasin (D:5)
  An ice beast (D:5)
  An ogre (D:5)
  A phantom (D:5)
  A bullfrog (D:4)
  A scorpion (D:6)
  A howler monkey (D:6)
  4 hounds
  A jelly (D:5)
  3 orc priests
  3 iguanas
  4 gnolls (D:4)
  4 adders
  An ufetubus (D:5)
  3 dart slugs
  13 orcs
  4 endoplasms
  15 goblins
  8 hobgoblins
  4 jackals (D:1)
  9 kobolds
  4 quokkas
  7 ball pythons
  3 bats
  6 frilled lizards
  7 rats
110 creatures vanquished.

Notes
Turn   | Place    | Note
-------+----------+-------------------------------------------
     0 | D:1      | Dittersdorf the Gargoyle Fighter began the quest for the
                  | Orb.
     0 | D:1      | Reached XP level 1. HP: 14/14 MP: 1/1
    76 | D:1      | Reached XP level 2. HP: 11/19 MP: 2/2
   440 | D:1      | Reached XP level 3. HP: 23/23 MP: 3/3
  2221 | D:3      | Found a shimmering altar of Xom.
  2246 | D:3      | Reached XP level 4. HP: 28/29 MP: 4/4
  2454 | D:2      | Reached XP level 5. HP: 33/33 MP: 5/5
  2548 | D:3      | Identified the +0 leather armour of Inviolability {Str+3
                  | Stlth+}
  3243 | D:4      | Reached XP level 6. HP: 22/39 MP: 6/6
  3338 | D:4      | Found a shadowy altar of Dithmenos.
  3723 | D:5      | Entered Level 5 of the Dungeon
  3723 | D:5      | Found Jukh's One-of-a-Kind Rings.
  3775 | D:5      | Found a sacrificial altar of Ru.
  3782 | D:5      | Reached skill level 5 in Fighting
  3782 | D:5      | Reached skill level 5 in Armour
  3782 | D:5      | Reached skill level 5 in Shields
  3821 | D:5      | Found a basalt altar of Yredelemnul.
  3847 | D:5      | Reached XP level 7. HP: 39/44 MP: 7/7
  4364 | D:5      | Found a runed translucent door.
  4370 | D:5      | Noticed sampeng1's ghost (novice HuCA)
  4618 | D:5      | Found a staircase to the Ecumenical Temple.
  4624 | Temple   | Entered the Ecumenical Temple
  4740 | Temple   | Became a worshipper of Warmaster Okawaru
  4951 | D:5      | Reached XP level 8. HP: 49/51 MP: 8/8
  5013 | D:6      | Reached skill level 5 in Maces & Flails
  5026 | D:6      | Killed from afar by a steam dragon

Illustrated notes

Levels and vault maps discovered:
D:1:      onia_arrival_handbag, layout_basic, minmay_pentomino_t2
D:2:      layout_basic, minmay_tree_intersection,
          nicolae_concentric_dashed_squares_mild
D:3:      cheibrodos_greedy_goblins, layout_basic,
          mainiacjoe_overflow_boulevard, minmay_fractal_squares_5
D:4:      layout_basic, kennysheep_mini_moat
D:5:      layout_loops_ring, lemuel_tele_altar, lemuel_doored_altar,
          minmay_temple_entry_fiery, ebering_ghost_reflecting_pool,
          nicolae_shop_unique_rings
D:6:      layout_rooms, general_overflow_altar, gammafunk_ghost_arena,
          kennysheep_generic_room_8
Temple:   hc_temple_tempest_star

Skill      XL: |  1  2  3  4  5  6  7  8 |
---------------+-------------------------+-----
Fighting       | 4 5 6 |  6.0
Armour         | 4 5 6 |  6.0
Shields        | 4 5 6 |  6.0
Maces & Flails | 3 4 5 |  5.0

Action                     |  1- 3 |  4- 6 |  7- 9 || total
---------------------------+-------+-------+-------++-------
  Melee: Flail             |   147 |   168 |   153 ||   468
    Use: Scroll            |       |     7 |     2 ||     9
 Armour: Chain mail        |   110 |    63 |       ||   173
         Scale mail        |     2 |    37 |    94 ||   133
  Dodge: Dodged            |    58 |    77 |    85 ||   220
  Block: Buckler           |    29 |    70 |    38 ||   137

Table legend: (Time is in decaauts)
 A = Elapsed time spent in this place.
 B = Non-inter-level travel time spent in this place.
 C = Inter-level travel time spent in this place.
 D = Time resting spent in this place.
 E = Time spent auto-exploring this place.
 F = Levels seen in this place.
 G = Mean time per level.
                   A        B        C        D        E       F      G
               +--------+--------+--------+--------+--------+-----+--------+
         Total |   5155 |   4940 |    215 |     90 |   3780 |   7 |  736.4 |
       Dungeon |   5010 |   4822 |    188 |     90 |   3681 |   6 |  835.0 |
        Temple |    144 |    118 |     26 |      0 |     99 |   1 |  144.0 |
               +--------+--------+--------+--------+--------+-----+--------+

Top non-repeatable levels by time:
     D:1: 1144 daAuts
     D:5: 1090 daAuts
     D:2: 974 daAuts
     D:3: 879 daAuts
     D:4: 836 daAuts
  Temple: 144 daAuts
     D:6: 83 daAuts
